 Dungeon Crawl Stone Soup version 0.20-a0-1124-g2e29d97 (webtiles) character file.

592 Naow the Firebug (level 7, -2/41 HPs)
             Began as an Octopode Fire Elementalist on May 16, 2017.
             Killed from afar by an orc wizard (6 damage)
             ... with a magic dart
             ... on level 9 of the Dungeon.
             The game lasted 00:08:56 (6434 turns).

Naow the Firebug (Octopode Fire Elementalist)       Turns: 6434, Time: 00:08:56

Health: -2/41      AC:  1    Str:  7    XL:     7   Next: 39%
Magic:  13/13      EV: 13    Int: 20    God:
Gold:   226        SH:  0    Dex: 12    Spells: 4/14 levels left

rFire    . . .     SeeInvis .   l - +1 dagger (elec)
rCold    . . .     Gourm    .   (no shield)
rNeg     . . .     Faith    .   (helmet restricted)
rPois    .         Spirit   .   (no amulet)
rElec    .         Reflect  .   (no ring)
rCorr    .         Harm     .   (no ring)
MR       .....                  (no ring)
Stlth    +++.......             (no ring)
Regen    0.2/turn               (no ring)
MPRegen  0.2/turn               (no ring)
                                (no ring)
                                (no ring)

@: no status effects
A: almost no armour, stealthy swim, amphibious, 8 rings, constrict 8, camouflage
1, gelatinous body 1
a: no special abilities


You were on level 9 of the Dungeon.
You were hungry.

You visited 1 branch of the dungeon, and saw 7 of its levels.

You collected 226 gold pieces.

Inventory:

Hand Weapons
 e - a +1 dagger of flaming
 l - a +1 dagger of electrocution (weapon)
 u - a cursed -2 dagger
Jewellery
 h - an uncursed ring of protection from cold {unknown}
Wands
 x - a wand of scattershot (4/9)
Scrolls
 d - 3 scrolls of teleportation {unknown}
 k - 6 scrolls of identify {unknown}
 n - a scroll of remove curse {unknown}
 o - 3 scrolls of amnesia {unknown}
 q - a scroll of enchant armour
 t - a scroll of fear {unknown}
 v - a scroll of recharging {unknown}
Potions
 f - a potion of agility {unknown}
 g - a potion of cancellation
 i - 3 potions of haste {unknown}
 j - 4 potions of curing {unknown}
 m - a potion of flight {unknown}
 p - 2 potions of lignification {unknown}
 r - 2 potions of degeneration {unknown}
 z - a potion of heal wounds
Books
 a - a book of Flames

   Spells                             Type                      Level
   a - Flame Tongue                   Conjuration/Fire             1
   b - Throw Flame                    Conjuration/Fire             2
   c - Conjure Flame                  Conjuration/Fire             3
   d - Inner Flame                    Hexes/Fire                   3
   e - Sticky Flame                   Conjuration/Fire             4
   f - Fireball                       Conjuration/Fire             5
Comestibles
 b - 6 bread rations
 c - 2 fruits
 s - 2 meat rations


   Skills:
 - Level 2.0 Dodging
 - Level 2.6 Stealth
 + Level 4.2 Spellcasting
 + Level 4.5 Conjurations
 + Level 5.4 Fire Magic


You had 4 spell levels left.
You knew the following spells:

 Your Spells              Type           Power        Failure   Level  Hunger
a - Flame Tongue          Conj/Fire      ###..        1%          1    None
b - Throw Flame           Conj/Fire      ###...       2%          2    #......
c - Conjure Flame         Conj/Fire      ###.....     4%          3    ###....
d - Sticky Flame          Conj/Fire      ###.....     16%         4    ####...


Dungeon Overview and Level Annotations

Branches:
Dungeon (6/15)
 Temple: D:4-7

Altars:
Wu Jian
Xom
Yredelemnul

Shops:
D:5 (


Innate Abilities, Weirdness & Mutations

You cannot wear most types of armour.
You are very stealthy in the water. (Stealth+)
You are amphibious.
You can wear up to eight rings at the same time.
You can use your tentacles to constrict eight enemies at once.
Your skin changes colour to match your surroundings (Stealth+).
Your rubbery body absorbs attacks. (AC +1, EV +1)


Message History

The orc wizard seems to speed up.
The hound closely misses you. The orc priest completely misses you.
The orc wizard casts a spell at you. You resist with some effort.
The hound bites you.
Found 18 gold pieces.
The orc misses you.
The orc priest mumbles some strange prayers to Beogh against you.
Beogh smites you! The orc hits you but does no damage.
The orc shouts!
You hear a shout! x2
Found a potion of heal wounds and 11 gold pieces.
An orc warrior comes into view. It is wielding a trident.
The orc priest casts a cantrip, but nothing happens.
The orc hits you with a hand axe.
An orc comes into view. It is wielding a dagger of draining.
The orc warrior closely misses you. x2
The orc warrior hits you from afar with a trident!
* * * LOW HITPOINT WARNING * * *
The orc wizard gestures at you while chanting.
The magic dart hits you!
You die...

#....##......#
##....#.......#
#.............#
#......P.P....#
##....o.o....$#
#.....PoPo...#
#....oooo...!#
#...5o...o...#
#..!.##oOh@..#
#....##......#
#.....#.....$.#
#....o#.......#
#.5...+.......#
##....#.......#
#....##......#
#......#


You could see a two-headed ogre, 2 orc warriors, a hound, 2 orc priests, an orc
wizard, a crimson imp and 6 orcs.

Vanquished Creatures
  A scorpion (D:5)
  The ghost of sour the Chopper, a weakling BaFi of Qazlal (D:3)
  A crimson imp (D:5)
  A bullfrog zombie (D:5)
  Crazy Yiuf (D:5)
  An iguana (D:4)
  3 orc wizards
  3 worker ants
  A hound zombie (D:5)
  4 gnolls (D:4)
  4 adders
  An ooze (D:2)
  5 worms
  2 dart slugs
  6 leopard geckos
  17 orcs
  8 bats
  2 giant cockroaches
  10 goblins
  6 hobgoblins
  6 jackals (D:4)
  7 kobolds
  4 quokkas
  4 ball pythons
  4 frilled lizards
  12 rats
115 creatures vanquished.

Notes
Turn   | Place    | Note
-------+----------+-------------------------------------------
     0 | D:1      | Naow the Octopode Fire Elementalist began the quest for the Orb.
     0 | D:1      | Reached XP level 1. HP: 11/11 MP: 3/3
   184 | D:1      | Reached XP level 2. HP: 17/17 MP: 5/5
   924 | D:2      | Reached XP level 3. HP: 21/21 MP: 3/6
  1806 | D:2      | Reached XP level 4. HP: 13/27 MP: 4/7
  2168 | D:2      | Learned a level 2 spell: Throw Flame
  2172 | D:2      | Learned a level 3 spell: Conjure Flame
  2317 | D:3      | Noticed sour's ghost (weakling BaFi)
  2320 | D:3      | Reached skill level 4 in Fire Magic
  2960 | D:3      | Reached XP level 5. HP: 24/31 MP: 5/9
  3012 | D:3      | Learned a level 4 spell: Sticky Flame
  3118 | D:3      | Found an ornate altar of the Wu Jian Council.
  3264 | D:3      | Killed sour's ghost
  3456 | D:3      | Reached XP level 6. HP: 21/36 MP: 2/11
  5386 | D:5      | Entered Level 5 of the Dungeon
  5391 | D:5      | Reached skill level 5 in Fire Magic
  5473 | D:5      | Found a shimmering altar of Xom.
  5687 | D:5      | Found Utaepsoss's Antique Weapon Shoppe.
  5691 | D:5      | Reached XP level 7. HP: 41/41 MP: 2/12
  5954 | D:5      | Found a runed door.
  6272 | D:5      | Noticed Crazy Yiuf
  6277 | D:5      | Killed Crazy Yiuf
  6421 | D:6      | You fall through a shaft for 3 floors!
  6421 | D:9      | Found a basalt altar of Yredelemnul.
  6421 | D:9      | Noticed a two-headed ogre
  6434 | D:9      | Killed from afar by an orc wizard

Vault maps used:
D:1:      onia_arrival_mini_spirals
D:3:      marbit_many_paths, cheibrodos_sewer_entry_sluice,
          minmay_misc_feat_four_crosses
D:4:      cheibrodos_old_hovel
D:5:      lemuel_round_altar, serial_shops, shop, first_bread,
          uniq_crazy_yiuf_cottage
D:6:      nicolae_gozag_seed_capital, grunt_tough_drop
D:9:      yredelemnul_altar_generic, dpeg_oklobed_lair, blue_anna_alchemist

Skill      XL: |  1  2  3  4  5  6  7 |
---------------+----------------------+-----
Conjurations   | 2 3 4 |  4.5
Fire Magic     | 4 5 |  5.4
Spellcasting   | 3 4 |  4.2
Dodging        | |  2.0
Stealth        | |  2.6

Action                   |  1- 3 |  4- 6 |  7- 9 || total
-------------------------+-------+-------+-------++-------
Melee: Unarmed           |     5 |       |       ||     5
       Dagger            |    30 |    62 |    16 ||   108
       Constrict         |    11 |    15 |     4 ||    30
       Tentacles         |     3 |     8 |     2 ||    13
 Cast: Flame Tongue      |    36 |    49 |     6 ||    91
       Throw Flame       |       |    46 |       ||    46
       Conjure Flame     |       |     3 |     1 ||     4
       Sticky Flame      |       |     2 |       ||     2
  Use: Potion            |       |     3 |       ||     3
       Scroll            |       |       |     1 ||     1
 Stab: Sleeping          |     8 |     2 |     2 ||    12
  Eat: Chunk             |     3 |    14 |     2 ||    19
Armor: Skin              |     3 |     1 |     2 ||     6
Dodge: Dodged            |    28 |    43 |    17 ||    88
